 Dungeon Crawl Stone Soup version 0.28.0-1-gb440e238dd (webtiles) character file.

Game seed: 7270912948269543067

13508 issech the Basher (level 11, -11/96 HPs)
             Began as a Troll Monk on Feb 26, 2022.
             Was an Elder of Hepliaklqana.
             Killed by divine providence
             ... invoked by an orc priest
              (13 damage)
             ... on level 12 of the Dungeon.
             The game lasted 00:51:02 (10066 turns).

issech the Basher (Troll Monk)                     Turns: 10066, Time: 00:51:04

Health: -11/96     AC: 14    Str: 21    XL:     11   Next: 76%
Magic:  10/10      EV: 13    Int:  6    God:    Hepliaklqana [****..]
Gold:   990        SH: 11    Dex: 22    Spells: 10/10 levels left

rFire   + . .      SeeInvis .   B - +1 flail
rCold   + . .      Faith    .   e - +0 kite shield
rNeg    . . .      Spirit   .   D - +2 acid dragon scales
rPois   .          Reflect  .   (helmet restricted)
rElec   .          Harm     .   a - scarf {rC+ rF+}
rCorr   +          Rampage  .   (gloves unavailable)
Will    .....                   (boots unavailable)
Stlth   +++.......              V - amulet of regeneration
HPRegen 1.86/turn               c - +4 ring of protection
MPRegen 0.12/turn               j - +6 ring of dexterity

@: studying Poison Magic
A: reduced essence, large, unfitting armour, claws 3, regeneration 1, shaggy fur
1, tough skin 1
a: Renounce Religion, Recall Ancestor, Ancestor Identity, Transference, Idealise


You were on level 12 of the Dungeon.
You worshipped Hepliaklqana.
Hepliaklqana was greatly pleased with you.
You visited 2 branches of the dungeon, and saw 13 of its levels.
You also visited: Bailey.

You collected 1012 gold pieces.
You spent 22 gold pieces at shops.

Inventory:

Hand Weapons
 n - a +0 longbow
 u - a +0 mace of venom
 v - the +3 Elemental Staff {rElec rF++ rC++ AC+5}
   (You found it in a bailey)

   If the wielder is skilled in Evocations, they can discharge powerful blasts
   of elemental energy when striking with it.
   It enhances your fire, ice, earth and air magic.
   AC:        It affects your AC (+5).
   rF:        It greatly protects you from fire.
   rC:        It greatly protects you from cold.
   rElec:     It insulates you from electricity.
 x - a +0 giant spiked club
 y - a +3 dagger of distortion
 B - a +1 flail (weapon)
 O - a +0 morningstar
 S - a +5 halberd
Missiles
 f - 13 bolts
 g - 316 arrows
 h - 44 sling bullets
 k - 190 stones
 r - 10 curare-tipped darts
 z - 7 throwing nets
 A - 16 boomerangs
 H - 6 large rocks (quivered)
 L - 11 atropa-tipped darts
 T - 40 poisoned darts
Armour
 a - a scarf of resistance (worn)
 e - a +0 kite shield (worn)
 D - +2 acid dragon scales (worn)
 Z - +0 steam dragon scales
Jewellery
 c - a +4 ring of protection (left claw)
 j - a +6 ring of dexterity (right claw)
 E - a ring of wizardry
 Q - a ring of protection from fire
 V - an amulet of regeneration (around neck)
 X - a +6 ring of intelligence
Wands
 p - a wand of paralysis (8)
 I - a wand of digging (13)
 N - a wand of charming (1)
 R - a wand of polymorph (11)
 U - a wand of iceblast (6)
 W - a wand of acid (7)
Scrolls
 b - 3 scrolls of enchant weapon
 l - 5 scrolls of fear
 q - a scroll of fog
 s - a scroll of blinking
 w - 6 scrolls of teleportation
 G - a scroll of amnesia
 J - a scroll of magic mapping
 M - a scroll of brand weapon
Potions
 d - a potion of ambrosia {unknown}
 i - a potion of brilliance
 m - 4 potions of haste
 o - 5 potions of cancellation
 t - a potion of lignification
 C - 3 potions of mutation
 F - 3 potions of curing {unknown}
 K - a potion of resistance
 P - a potion of might {unknown}
 Y - 2 potions of flight


   Skills:
 + Level 6.4 Fighting
 + Level 10.3 Maces & Flails
 + Level 0.2 Throwing
 + Level 3.4 Armour
 + Level 7.3 Dodging
 + Level 4.1 Stealth
 + Level 7.2 Shields


You had 10 spell levels left.
You didn't know any spells.
Your spell library contained the following spells:

 Spells                   Type           Power      Damage    Failure   Level
 Foxfire                  Conj/Fire      0%         2x1d4     78%         1
 Pain                     Necr           0%         1d4       78%         1
 Sandblast                Erth           0%         2d4       78%         1
 Corpse Rot               Necr/Air       0%         N/A       89%         2
 Passwall                 Tmut/Erth      0%         N/A       89%         2
 Poisonous Vapours        Pois/Air       0%         N/A       89%         2
 Sublimation of Blood     Necr           0%         N/A       89%         2
 Wereblood                Tmut           0%         N/A       89%         2
 Conjure Flame            Conj/Fire      0%         6-21      98%         3
 Ignite Poison            Fire/Tmut/Pois 0%         N/A       98%         3
 Inner Flame              Hex/Fire       0%         N/A       98%         3
 Stone Arrow              Conj/Erth      0%         3d7       98%         3
 Flame Wave               Conj/Fire      0%         2d4       100%        4
 Sticky Flame             Conj/Fire      0%         2d3       100%        4
 Agony                    Necr           0%         N/A       100%        5
 Excruciating Wounds      Necr           0%         N/A       100%        5
 Summon Hydra             Summ           0%         N/A       100%        7


Dungeon Overview and Level Annotations

Branches:
Dungeon (12/15)            Temple (1/1) D:5            Lair (0/6) D:8
 Bailey (visited)
    Orc: D:9-12

Altars:
Ashenzari
Cheibriados
Dithmenos
Elyvilon
Fedhas
Gozag
Hepliaklqana
Kikubaaqudgha
Makhleb
Nemelex Xobeh
Okawaru
Qazlal
Ru
Sif Muna
Trog
Uskayaw
Vehumet
Wu Jian
Xom
Yredelemnul
Zin
The Shining One

Shops:
D:4 ?   D:7 *

Annotations:
D:10 3 runed translucent doors, Jase's ghost, novice TrMo; Pepete's ghost, novice FoFi; themarg's ghost, novice TeCj
D:12 Erolcha


Innate Abilities, Weirdness & Mutations

Your life essence is reduced to manifest your ancestor. (-10% HP)
You are too large for most types of armour.
You have claws for hands.
Your natural rate of healing is unusually fast.
You are covered in fur. (AC +1)
You have tough skin. (AC +1)


Message History

You closely miss the orc.
You feel sick. The orc hits you but does no damage.
You hit the orc.
The orc is lightly wounded.
You feel sick. The orc barely misses you.
You hit the orc.
The orc is almost dead.
You feel sick. You block the orc's attack.
You hit the orc.
You kill the orc!
You feel sick.
You closely miss the orc.
You feel sick.
You are no longer poisoned.
You block the orc's attack.
The orc priest miscasts a cantrip.
You hit the orc.
The orc is heavily wounded.
Cuahtemoc has departed this plane of existence.
The orc hits you but does no damage.
The orc priest calls down the wrath of Beogh upon you.
Beogh smites you!
* * * LOW HITPOINT WARNING * * *
You hear an angry buzzing noise.
You hit the orc.
You kill the orc!
You hear an angry buzzing noise. x2
You block the orc warrior's attack. The orc warrior barely misses you.
Items here: )) [ †.
You closely miss the orc warrior.
The meliai calls down the wrath of its god upon you.
Something smites you!
* * * LOW HITPOINT WARNING * * *
You block the orc warrior's attack.
The boulder beetle leaps!
You closely miss the orc warrior.
The meliai invokes the aid of its god against you.
Something smites you!
* * * LOW HITPOINT WARNING * * *
The orc priest calls down the wrath of Beogh upon you.
Beogh smites you!
You die...

## .# ###..≈≈# #.#
#....≈≈. #.###....≈≈o
#........≈8≈
#..##########..##....8≈≈
.......@ooy.yo.##.......
#..#########ooo#........
#y. #...#.##..o# #yy#
#.y|..####.#
##..y########....#####.##
#..y.y.y.yy..)g.......>..
$.?yW..######yRo.........
.....yy(.yy####)######<##
......y###y# #.)).o9o...


You could see 2 orc warriors, a meliai, a killer bee, an orc priest and 3 orcs.

Vanquished Creatures
  2 two-headed ogres
  A centaur warrior (D:12)
  An ugly thing (D:12)
  A manticore (D:12)
  A gargoyle (D:10)
  Psyche (D:10)
  A kobold demonologist (D:11)
  A troll (D:11)
  A yak (D:7)
  2 water moccasins
  An acid dragon (D:9)
  2 orc warriors
  A necrophage (D:4)
  A black bear (D:8)
  An ice beast (D:7)
  4 ogres
  7 centaurs
  3 kobold brigands (Bailey)
  2 bullfrogs (D:7)
  A scorpion (D:4)
  A wyvern zombie (D:6)
  4 killer bees
  A wight (D:6)
  2 centaur zombies
  A jelly (D:5)
  A hound (D:7)
  4 orc priests
  3 iguanas
  2 orc wizards
  A killer bee zombie (D:8)
  A howler monkey zombie (D:7)
  12 gnolls
  A howler monkey skeleton (D:7)
  5 adders
  A shadow imp (D:8)
  2 ufetubi
  An adder skeleton (D:4)
  3 dart slugs (D:1)
  25 orcs
  9 ball pythons
  8 bats
  5 endoplasms
  3 giant cockroaches
  8 goblins
  4 hobgoblins
  7 jackals
  12 kobolds
  6 quokkas
  5 frilled lizards
  6 rats
179 creatures vanquished.

Vanquished Creatures (collateral kills)
  Harold (D:10)
  A two-headed ogre (D:10)
  Pikel (D:7)
  A cyclops (D:10)
  A gargoyle (D:11)
  A kobold demonologist (D:11)
  A komodo dragon (D:11)
  A troll (D:10)
  2 steam dragons
  An acid dragon (D:10)
  Duvessa (D:5)
  2 water moccasins (D:6)
  6 orc warriors
  3 black bears
  3 centaurs
  4 lemures
  7 kobold brigands
  A gnoll sergeant (D:10)
  5 bullfrogs
  A scorpion (D:8)
  Dowan (D:5)
  4 killer bees
  2 wights (D:6)
  2 howler monkeys
  A centaur zombie (D:9)
  2 hounds
  5 orc priests
  2 gnoll shamans
  4 orc wizards
  A killer bee zombie (D:8)
  3 gnolls
  An ufetubus (D:6)
  4 orcs
  3 goblins (D:8)
  8 kobolds
87 creatures vanquished.

Vanquished Creatures (others)
  4 battlemagi
  31 fungi (D:8)
  26 plants (D:8)
  4 withered plants (D:10)
65 creatures vanquished.

Grand Total: 331 creatures vanquished

Notes
Turn   | Place    | Note
-------+----------+-------------------------------------------
     0 | D:1      | issech the Troll Monk began the quest for the Orb.
     0 | D:1      | Reached XP level 1. HP: 22/22 MP: 0/0
   137 | D:1      | Reached XP level 2. HP: 29/29 MP: 1/1
   160 | D:1      | Found a faded altar of an unknown god.
   404 | D:1      | Reached XP level 3. HP: 36/36 MP: 2/2
   779 | D:1      | Reached skill level 3 in Maces & Flails
   824 | D:1      | Reached XP level 4. HP: 44/44 MP: 3/3
   836 | D:2      | Reached skill level 1 in Shields
  1532 | D:3      | Noticed an ogre
  1618 | D:3      | Killed an ogre
  1619 | D:3      | Reached XP level 5. HP: 17/53 MP: 4/4
  1710 | D:3      | Noticed an ogre
  1738 | D:3      | Killed an ogre
  1739 | D:3      | Reached skill level 4 in Maces & Flails
  1739 | D:3      | Reached XP level 6. HP: 40/61 MP: 5/5
  2608 | D:4      | Found an opulent altar of Gozag.
  2620 | D:4      | Found Ampatyupt's Magic Scroll Boutique.
  2659 | D:4      | Reached XP level 7. HP: 66/67 MP: 6/6
  2661 | D:4      | Bought a scroll of identify for 22 gold pieces
  2803 | D:4      | You fall into a shaft and drop 3 floors!
  2811 | D:7      | Found Fanoog's Assorted Antiques.
  2863 | D:7      | Noticed Pikel
  2902 | D:5      | Entered Level 5 of the Dungeon
  3049 | D:5      | Reached skill level 5 in Maces & Flails
  3579 | D:5      | Found a staircase to the Ecumenical Temple.
  3594 | Temple   | Entered the Ecumenical Temple
  3665 | Temple   | Became a worshipper of Hepliaklqana the Forgotten
  3665 | Temple   | Reached * piety under Hepliaklqana
  3665 | Temple   | Reached ** piety under Hepliaklqana
  3666 | Temple   | Remembered your ancestor Cuahtemoc as a battlemage
  4445 | D:6      | Noticed Duvessa
  4446 | D:6      | Noticed Dowan
  4473 | D:5      | Killed Dowan
  4474 | D:5      | Killed Duvessa
  4493 | D:6      | Reached XP level 8. HP: 68/68 MP: 7/7
  4518 | D:6      | Reached skill level 6 in Maces & Flails
  4977 | D:6      | Reached skill level 5 in Dodging
  5187 | D:7      | Reached skill level 7 in Maces & Flails
  5206 | D:7      | Reached XP level 9. HP: 74/75 MP: 8/8
  5427 | D:7      | Killed Pikel
  5885 | D:7      | Identified the +8 chain mail of Assefac {Slay+3}
  6222 | D:8      | Reached skill level 8 in Maces & Flails
  6313 | D:8      | Reached skill level 5 in Fighting
  6324 | D:8      | Reached XP level 10. HP: 86/86 MP: 9/9
  6335 | D:8      | Found a staircase to the Lair.
  6339 | D:8      | Reached skill level 5 in Shields
  6351 | D:8      | Found a flagged portal.
  6361 | Bailey   | Entered a bailey
  6565 | Bailey   | Found the +3 Elemental Staff {rElec rF++ rC++ AC+5}
  6575 | Bailey   | Found a burning altar of Makhleb.
  6771 | D:8      | Reached *** piety under Hepliaklqana
  7210 | D:9      | Reached skill level 9 in Maces & Flails
  7860 | D:10     | Entered Level 10 of the Dungeon
  7869 | D:10     | Noticed a gargoyle
  7874 | D:10     | Killed a gargoyle
  7882 | D:10     | Noticed Harold
  7908 | D:10     | Killed Harold
  7909 | D:10     | Reached skill level 1 in Armour
  7953 | D:10     | Noticed a cyclops
  7962 | D:10     | Killed a cyclops
  8054 | D:10     | Reached **** piety under Hepliaklqana
  8095 | D:10     | Found a runed translucent gate.
  8095 | D:10     | Found a runed translucent gate.
  8095 | D:10     | Found a runed translucent gate.
  8097 | D:10     | Noticed themarg's ghost (novice TeCj)
  8097 | D:10     | Noticed Pepete's ghost (novice FoFi)
  8233 | D:10     | Noticed Jase's ghost (novice TrMo)
  8255 | D:10     | Noticed Psyche
  8267 | D:10     | Killed Psyche
  8411 | D:10     | Noticed a two-headed ogre
  8412 | D:10     | Noticed a two-headed ogre
  8419 | D:10     | Reached XP level 11. HP: 28/94 MP: 10/10
  8443 | D:10     | Killed a two-headed ogre
  8502 | D:10     | Killed a two-headed ogre
  8976 | D:11     | Found a gate leading to a gauntlet.
  9203 | D:11     | Reached skill level 10 in Maces & Flails
  9249 | D:11     | Noticed a two-headed ogre
  9262 | D:11     | Killed a two-headed ogre
  9405 | D:11     | Noticed a soul eater
  9782 | D:12     | Noticed a centaur warrior
  9792 | D:12     | Killed a centaur warrior
  9878 | D:12     | Noticed Erolcha
  9992 | D:12     | Noticed a purple ugly thing
 10004 | D:12     | Killed a purple ugly thing
 10016 | D:12     | Noticed a boulder beetle
 10066 | D:12     | HP: 2/96 [meliai/divine providence (12)]
 10066 | D:12     | Killed from afar by an orc priest

Illustrated notes

Levels and vault maps discovered:
D:1:      nzn_arrival_settlement, layout_loops_ring,
          ebering_ecumenical_altar_sacrificial
D:2:      layout_basic
D:3:      layout_basic, amethyst_killhole, wad_floor_pattern_2,
          minmay_misc_feat_four_crosses
D:4:      layout_basic, grunt_gozag_statues, serial_shops, shop
D:5:      layout_loops_ring, minmay_temple_entry_large_hall, roderic_lattice_a,
          minmay_manual_monolith
D:6:      layout_loops_cross, uniq_duvessa
D:7:      layout_basic, serial_shops, nicolae_shop_crystal,
          hangedman_decor_diamond_cutter, kennysheep_small_spiral,
          item_on_display_a, uniq_pikel
D:8:      layout_loops_ring, due_lair_maze_entry_diamond, enter_bailey_3,
          chequers_serial_rivers_micro_d
D:9:      layout_rooms
D:10:     layout_basic, gammafunk_ghost_cemetery, minivault_16,
          minmay_fractal_squares_5, uniq_psyche, uniq_harold
D:11:     layout_loops_ring, gauntlet_entry_generic
D:12:     layout_loops_ring, erik_orc_2, special_room [special_room_bee],
          uniq_erolcha
Temple:   compressed_dpeg_triangle_lava_temple

Skill      XL: |  1  2  3  4  5  6  7  8  9 10 11 |
---------------+----------------------------------+-----
Maces & Flails | 3 4 5 7 8 9 10 | 10.3
Dodging        | 3 4 5 6 7 |  7.3
Shields        | 1 2 3 4 6 7 |  7.2
Fighting       | 3 4 5 6 |  6.4
Stealth        | 2 3 4 |  4.1
Armour         | 1 3 |  3.4
Throwing       | |  0.2

Action                   |  1- 3 |  4- 6 |  7- 9 | 10-12 || total
-------------------------+-------+-------+-------+-------++-------
Melee: Mace              |   134 |    91 |       |       ||   225
       Flail             |       |    57 |   284 |   303 ||   644
Throw: Stone             |       |     1 |       |       ||     1
       Large rock        |       |       |       |     4 ||     4
Invok: Ancestor Life: Ba |       |       |     1 |       ||     1
  Use: Scroll            |       |       |    13 |    10 ||    23
       Potion            |       |       |       |     5 ||     5
 Stab: Sleeping          |     4 |     4 |     7 |     5 ||    20
       Distracted        |       |       |     1 |    11 ||    12
Armor: Robe              |   105 |    55 |    58 |       ||   218
       Steam dragon scal |       |       |    32 |    34 ||    66
       Acid dragon scale |       |       |       |   115 ||   115
Dodge: Dodged            |    97 |    68 |   181 |   193 ||   539
Block: Kite shield       |    67 |    77 |   168 |   281 ||   593
